 Dungeon Crawl Stone Soup version 0.20.1-1-g8b1a95d66d (webtiles) character file.

5378 HessuHobo the Basher (level 10, -8/96 HPs)
             Began as a Troll Fighter on Nov 18, 2017.
             Was a Believer of the Shining One.
             Mangled by an 11-headed hydra (10 damage)
             ... on level 8 of the Dungeon.
             The game lasted 00:26:25 (7691 turns).

HessuHobo the Basher (Troll Fighter)                Turns: 7691, Time: 00:26:27

Health: -8/96      AC: 15    Str: 32    XL:     10   Next: 39%
Magic:  18/18      EV: 11    Int:  4    God:    the Shining One [**....]
Gold:   406        SH:  0    Dex:  9    Spells: 9/9 levels left

rFire    . . .     SeeInvis +   u - +4 lajatang of Bicung {speed, *Contam MR+ SInv}
rCold    . . .     Gourm    +   (shield currently unavailable)
rNeg     + + .     Faith    .   y - +1 robe
rPois    .         Spirit   .   H - +2 hat {MR+}
rElec    .         Reflect  .   (no cloak)
rCorr    .         Harm     .   (gloves unavailable)
MR       ++...                  (boots unavailable)
Stlth    +.........             (no amulet)
Regen    0.7/turn               s - +5 ring of protection
MPRegen  0.2/turn               G - ring of the Six Coins {rN+ MP+9 Str+3 SInv}

@: glowing
A: unfitting armour, claws 3, talons 1, thin metallic scales 1, fast metabolism
3, gourmand, regeneration 1, shaggy fur 1, tough skin 2
a: Divine Shield, Renounce Religion


You were on level 8 of the Dungeon.
You worshipped the Shining One.
The Shining One was pleased with you.
You were not hungry.

You visited 1 branch of the dungeon, and saw 8 of its levels.

You collected 406 gold pieces.

Inventory:

Hand Weapons
 a - a +0 flail
 d - a +1 club
 g - a +0 mace
 j - a +0 whip
 o - a +0 mace
 u - the +4 lajatang of Bicung (weapon) {speed, *Contam MR+ SInv}
   (You acquired it on level 7 of the Dungeon)

   Attacks with this weapon are significantly faster.
   It affects your resistance to hostile enchantments.
   It lets you see invisible.
   It causes magical contamination when unequipped.
 v - a +0 giant spiked club
 C - a +1 mace of protection
Missiles
 h - 274 stones (quivered)
Armour
 c - a +0 shield
 y - a +1 robe (worn)
 H - a +2 hat of magic resistance (worn)
Jewellery
 b - an uncursed ring of stealth {unknown}
 r - an uncursed amulet of harm
 s - a +5 ring of protection (left claw)
 E - an uncursed amulet of magic regeneration
 F - an uncursed ring of magical power
 G - the ring of the Six Coins (right claw) {rN+ MP+9 Str+3 SInv}
   (You acquired it on level 7 of the Dungeon)

   [ring of see invisible]

   It affects your strength (+3).
   It protects you from negative energy.
   It affects your magic capacity (+9).
   It lets you see invisible.
Wands
 m - a wand of confusion (26/48)
Scrolls
 e - a scroll of random uselessness {unknown}
 f - 2 scrolls of recharging
 k - 2 scrolls of enchant weapon
 l - 5 scrolls of teleportation
 q - a scroll of enchant armour
 w - 2 scrolls of identify
 x - 6 scrolls of remove curse
 D - a scroll of silence
Potions
 p - a potion of curing
Books
 t - a book of Cantrips

   Spells                             Type                      Level
   a - Confusing Touch                Hexes                        1
   b - Animate Skeleton               Necromancy                   1
   c - Summon Small Mammal            Summoning                    1
   d - Apportation                    Translocation                1
Comestibles
 i - a royal jelly
 B - 3 fruits


   Skills:
 + Level 5.2 Fighting
 - Level 10.9(11.0) Maces & Flails
 * Level 1.7(6.6) Staves
 - Level 5.0 Dodging
 - Level 5.4 Shields
 - Level 0.3 Invocations


You had 9 spell levels left.
You didn't know any spells.

Dungeon Overview and Level Annotations

Branches:
Dungeon (8/15)             Temple (0/1) D:5
   Lair: D:8-11

Altars:
Gozag
Nemelex Xobeh
Okawaru
Ru
Uskayaw
Yredelemnul
The Shining One

Shops:
D:7 }


Innate Abilities, Weirdness & Mutations

You are too large for most types of armour.
You have claws for hands.
Your metabolism is lightning-fast.
You like to eat raw meat.
Your natural rate of healing is unusually fast.
You are covered in fur. (AC +1)
You have very tough skin. (AC +2)
You have sharp toenails.
You are partially covered in thin metallic scales. (AC +2)


Message History

The ten-headed hydra bites you!
The ten-headed hydra closely misses you.
The ten-headed hydra barely misses you. The ten-headed hydra bites you!
The ten-headed hydra bites you but does no damage.
The ten-headed hydra bites you!
* * * LOW HITPOINT WARNING * * *
You chop one of the ten-headed hydra's heads off!
The nine-headed hydra grows two more!
You slice the 11-headed hydra!! You claw the 11-headed hydra!
The 11-headed hydra is heavily wounded.
The 11-headed hydra bites you.
* * * LOW HITPOINT WARNING * * *
The 11-headed hydra bites you but does no damage.
The 11-headed hydra bites you.
* * * LOW HITPOINT WARNING * * *
The 11-headed hydra bites you!
* * * LOW HITPOINT WARNING * * *
The 11-headed hydra bites you but does no damage. x2
The 11-headed hydra bites you!
You die...

#.......##+##
#....#.......
#...c#.......
#....#.......
#...)#.......
#....#.......
#............
#...#D.......
#####@.###+##
#......#
#####......#
#..........#
#..........#
#....####+##
#....# #.#
#....# #.# .#
#....# #.##
.#


You could see a 11-headed hydra and a centaur.

Vanquished Creatures
  Grinder (D:3)
  Sigmund (D:2)
  14 wargs (D:7)
  A porcupine (D:8)
  4 orc warriors
  2 ice beasts
  2 phantoms (D:6)
  2 sky beasts
  5 ogres
  A crocodile (D:8)
  2 centaurs (D:7)
  A bullfrog (D:8)
  2 scorpions
  5 killer bees (D:6)
  7 wights
  A howler monkey (D:4)
  2 crimson imps (D:5)
  2 bullfrog zombies (D:5)
  A centaur zombie (D:6)
  2 jellies
  Crazy Yiuf (D:3)
  4 orc priests
  3 hounds
  5 orc wizards
  2 iguanas (D:6)
  Robin (D:2)
  2 worker ant zombies
  8 gnolls
  9 adders
  A shadow imp (D:5)
  An ooze (D:5)
  An adder skeleton (D:5)
  3 worms
  7 dart slugs
  5 leopard geckos
  36 orcs
  2 ball pythons
  3 giant cockroaches
  6 hobgoblins
  8 jackals
  2 quokkas
  6 bats
  5 frilled lizards
  16 goblins
  8 kobolds
  A quokka skeleton (D:7)
  A quokka zombie (D:6)
  13 rats
  A fungus (D:3)
219 creatures vanquished.

Notes
Turn   | Place    | Note
-------+----------+-------------------------------------------
     0 | D:1      | HessuHobo the Troll Fighter began the quest for the Orb.
     0 | D:1      | Reached XP level 1. HP: 22/22 MP: 0/0
   442 | D:1      | Reached XP level 2. HP: 24/29 MP: 1/1
   521 | D:1      | Reached skill level 2 in Maces & Flails
   593 | D:1      | HP: 1/29 [hobgoblin (5)]
   938 | D:2      | Reached XP level 3. HP: 36/36 MP: 2/2
   998 | D:2      | Noticed Sigmund
  1008 | D:2      | Killed Sigmund
  1008 | D:2      | Reached skill level 3 in Maces & Flails
  1008 | D:2      | Reached XP level 4. HP: 16/44 MP: 3/3
  1008 | D:2      | Reached XP level 5. HP: 20/52 MP: 4/4
  1191 | D:2      | Noticed Robin
  1221 | D:2      | Reached skill level 4 in Maces & Flails
  1252 | D:2      | Killed Robin
  1625 | D:2      | Found a sparkling altar of Nemelex Xobeh.
  1625 | D:2      | Found an opulent altar of Gozag.
  1874 | D:3      | Reached XP level 6. HP: 54/59 MP: 5/5
  2000 | D:3      | Found a basalt altar of Yredelemnul.
  2416 | D:3      | Noticed Grinder
  2421 | D:3      | Reached skill level 5 in Maces & Flails
  2439 | D:3      | Paralysed by Grinder for 7 turns
  2463 | D:3      | Paralysed by Grinder for 6 turns
  2470 | D:3      | Killed Grinder
  2470 | D:3      | Reached XP level 7. HP: 33/67 MP: 6/6
  2708 | D:3      | Found a glowing golden altar of the Shining One.
  2715 | D:3      | Became a worshipper of the Shining One
  2869 | D:3      | Found a runed door.
  2873 | D:3      | Noticed Crazy Yiuf
  2883 | D:3      | Killed Crazy Yiuf
  2966 | D:4      | Reached skill level 6 in Maces & Flails
  3559 | D:5      | Entered Level 5 of the Dungeon
  3570 | D:5      | Found an iron altar of Okawaru.
  3771 | D:5      | Gained mutation: You have sharp toenails. [potion of mutation]
  3771 | D:5      | Gained mutation: You are partially covered in thin metallic scales. (AC +2) [potion of mutation]
  3876 | D:5      | Reached XP level 8. HP: 73/75 MP: 7/7
  3880 | D:5      | Reached skill level 7 in Maces & Flails
  3926 | D:5      | Reached * piety under the Shining One
  4451 | D:5      | Found a staircase to the Ecumenical Temple.
  4568 | D:6      | Reached skill level 8 in Maces & Flails
  5149 | D:6      | Reached XP level 9. HP: 48/84 MP: 8/8
  5405 | D:6      | Reached skill level 9 in Maces & Flails
  5701 | D:6      | Reached ** piety under the Shining One
  5890 | D:7      | Noticed a dagger
  5891 | D:7      | Noticed a dagger
  5934 | D:7      | Found a hide-covered altar of Uskayaw.
  6209 | D:7      | Reached skill level 10 in Maces & Flails
  6257 | D:7      | Found a sacrificial altar of Ru.
  6523 | D:7      | Reached skill level 5 in Shields
  6536 | D:7      | Reached XP level 10. HP: 43/94 MP: 5/9
  6900 | D:7      | Reached skill level 5 in Dodging
  7027 | D:7      | Noticed an orc knight
  7027 | D:7      | Noticed an orc warlord
  7194 | D:7      | Found Icwilaq's Gadget Shop.
  7197 | D:7      | Identified 3 scrolls of acquirement
  7198 | D:7      | Got a shimmering silver ring
  7202 | D:7      | Got a brightly glowing lajatang
  7316 | D:8      | Identified the ring of the Six Coins {rN+ MP+9 Str+3 SInv} (You acquired it on level 7 of the Dungeon)
  7375 | D:8      | Identified the +4 lajatang of Bicung {speed, *Contam MR+ SInv} (You acquired it on level 7 of the Dungeon)
  7473 | D:8      | Reached skill level 5 in Fighting
  7518 | D:8      | Reached skill level 1 in Staves
  7642 | D:8      | Noticed an eight-headed hydra
  7691 | D:8      | HP: 2/96 [11-headed hydra (7)]
  7691 | D:8      | Mangled by an 11-headed hydra

Skill      XL: |  1  2  3  4  5  6  7  8  9 10 |
---------------+-------------------------------+-----
Maces & Flails | 2 3 4 5 6 8 10 | 10.9
Shields        | 3 4 5 |  5.4
Dodging        | 3 4 5 |  5.0
Fighting       | 3 4 5 |  5.2
Staves         | 1 |  1.7
Invocations    | |  0.3

Action                   |  1- 3 |  4- 6 |  7- 9 | 10-12 || total
-------------------------+-------+-------+-------+-------++-------
Melee: Flail             |    81 |   209 |   422 |    66 ||   778
       Club              |       |     8 |       |       ||     8
       Mace              |       |     2 |       |    13 ||    15
       Kick              |       |       |    86 |    36 ||   122
       Lajatang          |       |       |       |    27 ||    27
Throw: Stone             |    43 |       |     1 |       ||    44
Invok: Divine Shield     |       |       |     1 |       ||     1
  Use: Potion            |     2 |     2 |    10 |     4 ||    18
       Scroll            |       |     7 |     8 |     8 ||    23
 Stab: Sleeping          |     1 |       |       |       ||     1
  Eat: Chunk             |     5 |     5 |    10 |     6 ||    26
       Bread ration      |       |     2 |     4 |       ||     6
       Meat ration       |       |     1 |     1 |     1 ||     3
       Royal jelly       |       |       |     1 |     1 ||     2
Armor: Robe              |    43 |    61 |   112 |    35 ||   251
Dodge: Dodged            |    32 |    73 |   143 |    38 ||   286
Block: Shield            |    56 |   103 |   217 |    58 ||   434
